 Dungeon Crawl Stone Soup version 0.29-a0-541-gaf1fc19f1b (webtiles) character file.

Game seed: 7930750561213460653

71 enile the Sneak (level 4, -2/29 HPs)
             Began as an Octopode Brigand on June 3, 2022.
             Was a Believer of Sif Muna.
             Killed by nerve-wracking pain
             ... invoked by an orc priest
              (14 damage)
             ... on level 3 of the Dungeon.
             The game lasted 00:02:10 (2090 turns).

enile the Sneak (Octopode Brigand)                  Turns: 2090, Time: 00:02:11

Health: -2/29      AC:  1    Str:  7 (10) XL:     4   Next: 24%
Magic:  7/7        EV: 13    Int: 11 (13) God:    Sif Muna [**....]
Gold:   94         SH:  0    Dex: 13 (15) Spells: 6/7 levels left

rFire   . . .      SeeInvis .   g - +0 dagger (flame)
rCold   . . .      Faith    .   (no shield)
rNeg    . . .      Spirit   .   (helmet restricted)
rPois   .          Reflect  .   (no amulet)
rElec   .          Harm     .   (no ring)
rCorr   .          Rampage  .   (no ring)
Will    .....                   (no ring)
Stlth   ++++......              (no ring)
HPRegen 0.09/turn               (no ring)
MPRegen 0.10/turn               (no ring)
                                (no ring)
                                (no ring)

@: no status effects
A: almost no armour, amphibious, 8 rings, camouflage 1, gelatinous body 1,
(nimble swimmer 1), tentacles
a: Renounce Religion, Channel Magic


You were on level 3 of the Dungeon.
You worshipped Sif Muna.
Sif Muna was pleased with you.
You visited 1 branch of the dungeon, and saw 3 of its levels.

You collected 94 gold pieces.

Inventory:

Hand Weapons
 a - a +2 dagger
 g - a +0 dagger of flaming (weapon)
 j - a +1 antimagic short sword
Missiles
 b - 7 poisoned darts (quivered)
 c - 5 curare-tipped darts
Armour
 k - a +0 kite shield
Scrolls
 d - 4 scrolls of identify
 h - 2 scrolls of fog
 n - a scroll of amnesia
 o - a scroll of teleportation
Potions
 e - a potion of lignification {unknown}
 f - a potion of degeneration
 i - a potion of berserk rage {unknown}
 l - 2 potions of attraction {unknown}
 m - 2 potions of heal wounds {unknown}
 p - a potion of ambrosia {unknown}
 q - a potion of curing {unknown}


   Skills:
 + Level 2.1 Fighting
 - Level 2.0 Short Blades
 - Level 2.0 Throwing
 - Level 3.0 Dodging
 - Level 5.3 Stealth
 - Level 2.0 Spellcasting


You had 6 spell levels left.
You knew the following spells:

 Your Spells              Type           Power      Damage    Failure   Level
a - Magic Dart            Conj           4%         1d3       28%         1

Your spell library contained the following spells:

 Spells                   Type           Power      Damage    Failure   Level
 Searing Ray              Conj           2%         2d4       41%         2
 Fulminant Prism          Conj/Hex       0%         3d6       96%         4


Dungeon Overview and Level Annotations

Branches:
Dungeon (3/15)

Altars:
Sif Muna


Innate Abilities, Weirdness & Mutations

You cannot wear most types of armour.
You are amphibious.
You can wear up to eight rings at the same time.
Your skin changes colour to match your surroundings (Stealth+).
Your rubbery body absorbs attacks. (AC +1, EV +1)
((You are camouflaged when in or above water. (Stealth+)))
You have tentacles for arms and can constrict up to eight enemies at once.


Message History

q - a fuming ruby potion You open the door.
An orc and an orc priest come into view.
Found Ozocubu's Autobiography.
There are monsters nearby! 2 orcs come into view.
Found 25 gold pieces.
The orc priest shouts!
The orc shouts!
An orc wizard comes into view. It is wielding a +0 dagger.
The orc wizard shouts!
There is an open door here.
The orc shouts!
Unknown command.
Unknown command.
Throw: 9 darts (poison)
Press: ? - help, Q - select action, (/) - cycle Shift-Dir - straight line, f - orc
Aim: an orc, wielding a +0 club and wearing a +0 chain mail (68% to hit)
You throw a poisoned dart. The poisoned dart hits the orc.
The orc is poisoned.
Throw: 8 darts (poison)
Press: ? - help, Q - select action, (/) - cycle Shift-Dir - straight line, f/p - orc
Aim: an orc, wielding a +0 club and wearing a +0 chain mail (poisoned, 68% to hit)
You throw a poisoned dart. The poisoned dart hits the orc.
The orc looks even sicker.
Unknown command.
You barely miss the orc. Your grab misses the orc. Your squeeze misses the orc.
The orc is moderately wounded.
The orc closely misses you.
The orc priest mumbles some strange prayers to Beogh against you.
Beogh smites you!
Ouch! That really hurt!
You barely miss the orc. Your grab misses the orc.
The orc is moderately wounded.
The orc barely misses you.
It was a potion of degeneration.
There was something very wrong with that liquid.
You feel weakened.
You feel dopey.
You feel clumsy. The orc barely misses you.
The orc priest calls down the wrath of Beogh upon you.
Pain shoots through your body!
You die...

..#####...
#.:.......
#.........
#..$......
#..o......
#.o..$....
##o########
#.oo......#
#..@......#
##.........#
#.........##
#.........#
#.........#
#.........#
#.........#
#.........#
#.........#


You could see an orc priest, an orc wizard and 2 orcs.

Vanquished Creatures
  2 adders (D:2)
  2 worms (D:2)
  An orc (D:3)
  4 ball pythons
  4 endoplasms
  A giant cockroach (D:3)
  6 goblins
  5 hobgoblins
  2 kobolds
  4 quokkas (D:2)
  3 bats
  2 frilled lizards (D:1)
  9 rats
45 creatures vanquished.

Notes
Turn   | Place    | Note
-------+----------+-------------------------------------------
     0 | D:1      | enile the Octopode Brigand began the quest for the Orb.
     0 | D:1      | Reached XP level 1. HP: 14/14 MP: 1/1
    86 | D:1      | Noticed an eye of devastation
    87 | D:1      | Found a faded altar of an unknown god.
    93 | D:1      | Noticed a shining eye
    93 | D:1      | Noticed an eye of devastation
    93 | D:1      | Noticed a golden eye
   109 | D:1      | Reached XP level 2. HP: 19/19 MP: 2/2
   117 | D:1      | Prayed at the altar of an unknown god.
   117 | D:1      | Became a worshipper of Sif Muna the Loreminder
   117 | D:1      | Reached * piety under Sif Muna
   400 | D:1      | Learned a level 1 spell: Magic Dart
  1151 | D:2      | Reached XP level 3. HP: 24/24 MP: 3/3
  1354 | D:2      | Reached ** piety under Sif Muna
  1400 | D:2      | Reached skill level 1 in Spellcasting
  1837 | D:2      | Reached XP level 4. HP: 29/29 MP: 6/6
  2090 | D:3      | Killed from afar by an orc priest

Illustrated notes

Levels and vault maps discovered:
D:1:      dpeg_arrival_more_subterranean_lakeside_camping, layout_loops_ring,
          hellmonk_ecumenical_altar_watching_god, minivault_25,
          item_on_display_a
D:2:      layout_loops_ring
D:3:      layout_basic

Skill      XL: |  1  2  3  4 |
---------------+-------------+-----
Dodging        | 2 3 |  3.0
Spellcasting   | 1 2 |  2.0
Fighting       | |  2.1
Short Blades   | |  2.0
Throwing       | |  2.0
Stealth        | |  5.3

Action                   |  1- 3 |  4- 6 || total
-------------------------+-------+-------++-------
Melee: Dagger            |    68 |     7 ||    75
       Tentacles         |    11 |       ||    11
       Punch             |     1 |       ||     1
       Constrict         |    14 |       ||    14
Throw: Dart              |     1 |     2 ||     3
 Cast: Magic Dart        |     6 |       ||     6
  Use: Scroll            |     3 |       ||     3
       Potion            |       |     1 ||     1
 Stab: Sleeping          |    16 |     4 ||    20
Armor: Skin              |     2 |       ||     2
Dodge: Dodged            |    32 |     4 ||    36

Table legend: (Time is in decaauts)
 A = Elapsed time spent in this place.
 B = Non-inter-level travel time spent in this place.
 C = Inter-level travel time spent in this place.
 D = Time resting spent in this place.
 E = Time spent auto-exploring this place.
 F = Levels seen in this place.
 G = Mean time per level.
                   A        B        C        D        E       F      G
               +--------+--------+--------+--------+--------+-----+--------+
         Total |   2081 |   2046 |     35 |      0 |   1738 |   3 |  693.7 |
       Dungeon |   2081 |   2046 |     35 |      0 |   1738 |   3 |  693.7 |
               +--------+--------+--------+--------+--------+-----+--------+

Top non-repeatable levels by time:
     D:1: 1145 daAuts
     D:2: 847 daAuts
     D:3: 88 daAuts
